cohdb
Replays
Latest Replays
All Replays
Popular Replays
Top Player Replays
Match Explorer
How It Works
Community
CoH3 Stats
Reddit
Sign in to upload your games and track your stats! →
Sign in with Steam
Match 40929221
Unlisted
Match 40929221
Overview
Messages
Build Orders
End
Kradschützen Motorcycle Team
Panzergrenadier Squad
Selects Panzerjäger Kommand Battlegroup
Selects Mine Fields
Panzergrenadier Squad
Construct Light Support Kompanie
2.5-tonne Medical Truck
Fire Support Elements
Veteran Squad Leaders
Selects Tank Busters
Flakvierling Half-track
Panzerjäger Squad
Losttruppen
Gumshoe.Cambro
M4X
YangXYZ
Kirbyt610
The Senate
Sombra
kscott2084
0
0
Comments
sign in to comment!
No comments posted yet!